 Dungeon Crawl Stone Soup version 0.23.0 (webtiles) character file.

Game seed: 16805064747005865960

128 MalarOregon the Poker (level 5, -2/41 HPs)
             Began as a Merfolk Skald on Feb 17, 2019.
             Killed from afar by an orc wizard (10 damage)
             ... with a puff of flame
             ... on level 3 of the Dungeon.
             The game lasted 00:03:59 (2234 turns).

MalarOregon the Poker (Merfolk Skald)               Turns: 2234, Time: 00:04:00

Health: -2/41      AC:  3    Str: 12    XL:     5   Next: 12%
Magic:  8/8        EV: 14    Int: 12    God:
Gold:   78         SH:  0    Dex: 14    Spells: 8/9 levels left

rFire    . . .     SeeInvis .   k - +0 halberd
rCold    . . .     Gourm    .   (shield currently unavailable)
rNeg     . . .     Faith    .   b - +0 leather armour
rPois    .         Spirit   .   (no helmet)
rElec    .         Reflect  .   (no cloak)
rCorr    .         Harm     .   (no gloves)
MR       .....                  (no boots)
Stlth    +.........             (no amulet)
HPRegen  0.13/turn              (no ring)
MPRegen  0.11/turn              (no ring)

@: confused
A: change form in water, swift swim, stealthy swim
a: no special abilities


You were on level 3 of the Dungeon.
You were not hungry.

You visited 1 branch of the dungeon, and saw 3 of its levels.

You collected 78 gold pieces.

Inventory:

Hand Weapons
 k - a +0 halberd (weapon)
   (You took it off a gnoll on level 1 of the Dungeon)
Armour
 b - a +0 leather armour (worn)
Jewellery
 r - an uncursed amulet of magic regeneration {unknown}
   (You found it on level 3 of the Dungeon)
Wands
 v - a wand of digging (2)
   (You took it off a hobgoblin on level 2 of the Dungeon)
Scrolls
 a - a scroll of random uselessness {unknown}
 f - 4 scrolls of identify {unknown}
 g - a scroll of remove curse {unknown}
 h - 3 scrolls of enchant armour {unknown}
 m - 2 scrolls of blinking {unknown}
Potions
 c - a potion of haste {unknown}
 d - a potion of ambrosia {unknown}
 i - 2 potions of flight {unknown}
 j - a potion of magic {unknown}
 l - a potion of might {unknown}
 n - 2 potions of heal wounds {unknown}
 o - 3 potions of curing {unknown}
 p - a potion of brilliance {unknown}
Comestibles
 e - 8 rations {!d}
 q - 3 chunks of flesh


   Skills:
 + Level 3.0 Fighting
 * Level 4.7 Polearms
 - Level 0.6 Armour
 * Level 4.3 Dodging
 + Level 2.5 Spellcasting
 + Level 3.7 Charms


You had 8 spell levels left.
You knew the following spells:

 Your Spells              Type           Power        Failure   Level  Hunger
a - Infusion              Chrm           ##..         7%          1    #......

Your spell library contained the following spells:

 Spells                   Type           Power        Failure   Level  Hunger
 Song of Slaying          Chrm           ##......     11%         2    ###....
 Shroud of Golubria       Chrm/Tloc      #.........   24%         2    ###....
 Regeneration             Chrm/Necr      #.........   43%         3    ###....
 Spectral Weapon          Hex/Chrm       #.......     43%         3    ###....


Dungeon Overview and Level Annotations

Branches:
Dungeon (3/15)

Altars:


Message History

The orc wizard shouts!
You hear a shout!
The orc closely misses you.
You barely miss the orc. The orc barely misses you.
You puncture the orc!
You kill the orc!
Your Fighting skill increases to level 3!
You hit the orc wizard. The orc wizard closely misses you.
You closely miss the orc wizard.
The orc wizard hits you with a +0 dagger.
A hobgoblin comes into view.
The orc wizard casts a spell at you. The magic dart hits you.
The hobgoblin shouts!
You slash the orc wizard!
You hear a shout! x2
The orc wizard hits you with a +0 dagger.
You barely miss the orc wizard.
The orc wizard hits you with a +0 dagger.
You barely miss the orc wizard.
The orc wizard hits you but does no damage.
An adder comes into view.
The orc wizard points at you and mumbles some strange words.
You are confused.
You miss the orc wizard.
The adder hisses angrily.
The orc wizard points at you and mumbles some strange words.
The magic dart hits you!
* * * LOW HITPOINT WARNING * * *
You closely miss the orc wizard.
A goblin comes into view. It is wielding a +0 dagger.
An orc wizard comes into view. It is wielding a +0 dagger.
The orc wizard closely misses you.
You're too confused to move!
The orc wizard closely misses you.
You bump into the rock wall.
The orc wizard hits you but does no damage.
You bump into the rock wall.
The orc wizard points at you and mumbles some strange words.
The puff of flame hits you!
* * * LOW HITPOINT WARNING * * *
You feel less confused.
The orc wizard gestures wildly while chanting.
The orc wizard flickers and vanishes!
Deactivating autopickup; reactivate with Ctrl-A.
The orc wizard gestures at you while chanting.
You are confused.
You bump into the rock wall.
You bump into the rock wall.
The orc wizard points at you and mumbles some strange words.
The puff of flame hits you!
You die...

#.#### #.#...
#############.#.##
#.............#...
.#####.##########
#..÷..# #.......
#.###.# #.###...
##.#######÷#
#(###...#...
....gSgo@..#
#....##...#.
...#..######
####.#....#. #.
.## #.#....#. ..
.... #)#...... #.
..... #.#...#.. ..
#...#.....#.. #
#....÷......
#'#######.#. ..
#.#.


You could see an orc wizard, an adder, a hobgoblin and a goblin.

Vanquished Creatures
  3 adders
  2 gnolls (D:1)
  A dart slug (D:2)
  A worm (D:2)
  A leopard gecko (D:2)
  2 orcs
  A ball python (D:3)
  4 giant cockroaches
  4 goblins
  11 hobgoblins
  9 jackals
  10 kobolds
  A quokka (D:2)
  8 bats
  6 frilled lizards
  3 rats
67 creatures vanquished.

Notes
Turn   | Place    | Note
-------+----------+-------------------------------------------
     0 | D:1      | MalarOregon the Merfolk Skald began the quest for the Orb.
     0 | D:1      | Reached XP level 1. HP: 16/16 MP: 3/3
   110 | D:1      | Reached XP level 2. HP: 19/22 MP: 5/5
   329 | D:1      | Reached XP level 3. HP: 21/28 MP: 6/6
   918 | D:2      | Reached XP level 4. HP: 32/34 MP: 7/7
  2139 | D:3      | Reached XP level 5. HP: 40/40 MP: 8/8
  2234 | D:3      | Killed from afar by an orc wizard

Skill      XL: |  1  2  3  4  5 |
---------------+----------------+-----
Dodging        | 3 4 |  4.3
Polearms       | 4 |  4.7
Fighting       | 3 |  3.0
Armour         | |  0.6
Spellcasting   | |  2.5
Charms         | |  3.7

Action                   |  1- 3 |  4- 6 || total
-------------------------+-------+-------++-------
Melee: Spear             |    80 |       ||    80
       Halberd           |    40 |   126 ||   166
 Stab: Sleeping          |     1 |     1 ||     2
  Eat: Chunk             |       |     5 ||     5
Armor: Leather armour    |    20 |    39 ||    59
Dodge: Dodged            |    71 |   126 ||   197
